AoeStats
← General Pepón

Arabia

508698314Analyzed
1v1 RM · 9d ago on Sep 23, 2026· 30m 35s· 2 players
Game mode
Random Map
Map size
Tiny (2 player)
Population
200
Speed
Normal
Resources
Standard
Victory
Conquest
Starting age
Dark Age
Ending age
Imperial Age
RankedLock teamsTeams togetherTeam positionsShared explorationLock speedFull tech treeHidden civsTurbo modeCheats
Victory
Defeat
🇿🇦 Armenians · South Africa
907
+19
🇦🇷 Italians · Argentina
982
-19
wenzilecc
10:59 Feudal Age
11:02 Man-at-Arms
11:28 Arson
11:34 Double-Bit Axe
11:40 Gold Mining
12:08 Long Swordsman
28:01 Castle Age
26:26 Scale Mail Armor
28:46 Fletching
29:32 Bodkin Arrow
29:29 Gambesons
29:50 Squires
30:34 Two-Handed Swordsman
General Pepón
2:09 Loom
11:10 Feudal Age
11:43 Horse Collar
11:49 Double-Bit Axe
14:03 Gold Mining
13:36 Man-at-Arms
28:44 Scale Mail Armor
28:55 Forging
30:24 Wheelbarrow
29:55 Town Watch
Connection lost

Rejoining the realm…

Still unreachable

The connection could not be restored.

Session expired

The server has moved on; the page needs a fresh start.